 Dungeon Crawl Stone Soup version 0.25-a0-690-g234afa57d4 (webtiles) character file.

Game seed: 8550727673408034223, levelgen mode: deterministic

3509 Lauz the Destroyer (level 9, -5/111 HPs)
             Began as a White Draconian Conjurer on Mar 26, 2020.
             Was a Believer of Vehumet.
             Slain by an orc warrior
             ... wielding a +0 mace
              (8 damage)
             ... on level 9 of the Dungeon on Mar 30, 2020.
             The game lasted 00:26:54 (6766 turns).

Lauz the Destroyer (White Draconian Conjurer)       Turns: 6766, Time: 00:26:55

Health: -5/111     AC: 24    Str: 11    XL:     9   Next: 81%
Magic:  19/19      EV:  2    Int: 18    God:    Vehumet [**....]
Gold:   432        SH:  0    Dex: 16    Spells: 13/26 levels left

rFire    + . .     SeeInvis .   E - staff of power
rCold    x . .     Gourm    .   (no shield)
rNeg     + + +     Faith    .   (armour unavailable)
rPois    +         Spirit   .   (helmet currently unavailable)
rElec    .         Reflect  .   (cloak currently unavailable)
rCorr    .         Harm     .   (gloves currently unavailable)
MR       .....     NoTele   +   (boots currently unavailable)
Stlth    ++........             q - amulet of magic regeneration
HPRegen  0.28/turn              i - +4 ring of dexterity
MPRegen  0.41/turn              n - ring of fire

@: lethally poisoned (-5 -> -7), tree-form
A: (breathe frost), unfitting armour, low mp 1, robust 1, wild magic 1, AC +7
a: Renounce Religion


You were on level 9 of the Dungeon.
You worshipped Vehumet.
Vehumet was pleased with you.
You were very hungry.
You were a tree.
You visited 2 branches of the dungeon, and saw 10 of its levels.

You collected 432 gold pieces.

Inventory:

Hand Weapons
 c - a +3 dagger of venom
Magical Staves
 z - an uncursed staff of poison
 E - an uncursed staff of power (weapon)
Jewellery
 i - a +4 ring of dexterity (left branch)
 n - a ring of fire (right branch)
 q - an amulet of magic regeneration (around neck)
 x - an uncursed ring of flight
 C - a cursed ring of teleportation {unknown}
Wands
 o - a wand of iceblast (7)
 B - a wand of random effects (17)
Scrolls
 d - 3 scrolls of fog {unknown}
 j - 6 scrolls of identify
 k - 5 scrolls of enchant weapon
 l - 3 scrolls of remove curse
 r - a scroll of blinking {unknown}
 s - 3 scrolls of teleportation
 u - a scroll of fear {unknown}
 w - a scroll of amnesia {unknown}
 y - a scroll of noise {unknown}
 D - a scroll of immolation {unknown}
Potions
 a - a potion of curing
 e - 2 potions of lignification
 f - 3 potions of mutation
 g - 3 potions of magic
 h - 3 potions of heal wounds
 p - 2 potions of flight {unknown}
 t - a potion of stabbing {unknown}
 v - a potion of brilliance {unknown}
 A - a potion of haste {unknown}
Comestibles
 b - 15 rations


   Skills:
 + Level 2.9 Fighting
 - Level 1.7 Dodging
 - Level 1.7 Stealth
 + Level 9.1 Spellcasting
 + Level 10.6 Conjurations
 + Level 0.2 Hexes


You had 13 spell levels left.
You knew the following spells:

 Your Spells              Type           Power        Failure   Level  Hunger
a - Magic Dart            Conj           ####         1%          1    None
b - Searing Ray           Conj           ######       1%          2    None
c - Blink                 Tloc           N/A          19%         2    None
d - Fulminant Prism       Conj/Hex       #####.....   14%         4    ###....
e - Iskenderun's Mystic   Conj/Tloc      #####...     14%         4    ###....

Your spell library contained the following spells:

 Spells                   Type           Power        Failure   Level  Hunger
 Shock                    Conj/Air       ####         2%          1    None
 Dazzling Flash           Conj/Hex       #####.       4%          3    None
 Conjure Flame            Conj/Fire      ######..     5%          3    None
 Mephitic Cloud           Conj/Pois/Air  ####....     10%         3    None
 Slow                     Hex            ##......     17%         2    None
 Call Imp                 Summ           ##......     19%         2    None


Dungeon Overview and Level Annotations

Branches:
Dungeon (9/15)             Temple (1/1) D:4             Orc (0/2) D:9
   Lair: D:8-11

Altars:
Ashenzari
Cheibriados
Dithmenos
Elyvilon
Fedhas
Gozag
Hepliaklqana
Kikubaaqudgha
Makhleb
Nemelex Xobeh
Okawaru
Qazlal
Ru
Sif Muna
Trog
Uskayaw
Vehumet
Wu Jian
Xom
Zin
The Shining One


Innate Abilities, Weirdness & Mutations

((You can breathe waves of freezing cold.))
((You can buffet flying creatures when you breathe cold.))
((Your icy white scales are hard. (AC +7)))
You cannot fit into any form of body armour.
((Your flesh is cold resistant. (rC+)))
((You are cold-blooded and may be slowed by cold attacks.))
Your magical capacity is low. (-10% MP)
You are robust. (+10% HP)
Your spells are a little harder to cast, but a little more powerful.


Message History

The queen bee stings you but does no damage.
The orc warrior hits you but does no damage.
The killer bee barely misses you.
Welcome back, Lauz the White Draconian Conjurer.
Vehumet says: Let it end in hellfire!
Press ? for a list of commands and other information.
Welcome back, Lauz the White Draconian Conjurer.
Vehumet says: Let it end in hellfire!
Press ? for a list of commands and other information.
As you read the scroll labeled ZIXKIE LIGYTIR, it crumbles to dust.
You feel aware of your surroundings.
You sensed 1 altar.
It was a scroll of magic mapping.
The killer bee barely misses you.
The killer bee stings you but does no damage.
The queen bee stings you but does no damage.
The orc barely misses you. The killer bee stings you.
* * * LOW HITPOINT WARNING * * *
You are poisoned.
The killer bee poisons you!
The orc warrior hits you with a +0 mace!
You die...

********* ############ *********
,,,,,,,,* #......>...# *,,,.....
,,****,,* #..........# *,,*#....
,,* #..* #..........# #..##....
,,* #..# #..........# #..##....
,,* #..# #..........# #..##....
,.####..# #..........# #..##....
,.......###.....♣Z...# #..##....
,,..........(.Zyyo.[.# #..##....
,,,###........o.o....####..##....
,,,* #.........................##
,,,* #......................#..#
,,,* #......................#..#
,,,* #..............#####...#..#
,,,* #.[............# #...#..#
,,,* #......###.#####***########*


You could see a queen bee, an orc warrior, a killer bee (berserk), an orc
wizard, an orc, an orc zombie and an ogre zombie.

Vanquished Creatures
  Pikel (D:9)
  A centaur zombie (D:8)
  A wraith (D:7)
  Sigmund (D:6)
  3 water moccasins
  An ice beast (D:4)
  A sky beast (D:8)
  A phantom (D:6)
  A slave (D:9)
  2 ogres (D:8)
  A necrophage (D:3)
  3 centaurs
  A bullfrog (D:7)
  A water moccasin skeleton (D:8)
  3 scorpions
  5 killer bees
  A bullfrog zombie (D:5)
  5 crimson imps
  A hound (D:8)
  6 orc wizards
  3 orc priests
  A bullfrog skeleton (D:5)
  3 iguanas
  4 worker ants (D:6)
  7 adders
  A shadow imp (D:8)
  An ooze (D:3)
  3 worms
  2 dart slugs (D:2)
  3 leopard geckos
  12 orcs
  6 bats
  A giant cockroach (D:1)
  4 goblins
  8 hobgoblins
  13 jackals
  2 quokkas
  4 frilled lizards
  8 kobolds
  5 rats
131 creatures vanquished.

Vanquished Creatures (others)
  2 slaves (D:9)
  3 fulminant prisms (D:9)
5 creatures vanquished.

Grand Total: 136 creatures vanquished

Notes
Turn   | Place    | Note
-------+----------+-------------------------------------------
     0 | D:1      | Lauz the Draconian Conjurer began the quest for the Orb.
     0 | D:1      | Reached XP level 1. HP: 14/14 MP: 3/3
   364 | D:1      | Reached XP level 2. HP: 19/20 MP: 0/5
   869 | D:2      | Learned a level 2 spell: Searing Ray
  1026 | D:2      | Reached XP level 3. HP: 26/26 MP: 2/6
  1041 | D:2      | Reached skill level 5 in Conjurations
  1866 | D:3      | Reached XP level 4. HP: 33/33 MP: 4/7
  2043 | D:3      | Reached XP level 5. HP: 38/38 MP: 4/9
  2269 | D:3      | Reached skill level 6 in Conjurations
  2409 | D:3      | Noticed a necrophage
  2414 | D:3      | Killed a necrophage
  2414 | D:3      | Reached XP level 6. HP: 46/46 MP: 3/11
  2662 | D:4      | Noticed an ice beast
  2767 | D:4      | Killed an ice beast
  2836 | D:4      | Found a staircase to the Ecumenical Temple.
  2866 | Temple   | Entered the Ecumenical Temple
  2893 | Temple   | Became a worshipper of Vehumet
  3251 | D:5      | Entered Level 5 of the Dungeon
  3463 | D:5      | Reached skill level 1 in Fighting
  3593 | D:5      | Reached skill level 7 in Conjurations
  3593 | D:5      | Your scales start taking on an icy white colour.
  3593 | D:5      | Reached XP level 7. HP: 52/52 MP: 7/13
  3593 | D:5      | Gained mutation: Your flesh is cold resistant. (rC+) [White
                  | Draconian growth]
  3894 | D:6      | Found an opulent altar of Gozag.
  3919 | D:6      | Reached skill level 5 in Spellcasting
  4011 | D:6      | Noticed Sigmund
  4021 | D:6      | Learned a level 2 spell: Blink
  4062 | D:6      | Killed Sigmund
  4062 | D:6      | Reached XP level 8. HP: 57/59 MP: 10/16
  4170 | D:6      | Reached * piety under Vehumet
  4170 | D:6      | Offered knowledge of Foxfire by Vehumet.
  4262 | D:6      | Reached skill level 8 in Conjurations
  5501 | D:8      | Reached skill level 9 in Conjurations
  5501 | D:8      | Reached XP level 9. HP: 62/67 MP: 9/20
  5850 | D:8      | Reached ** piety under Vehumet
  5850 | D:8      | Offered knowledge of Shock by Vehumet.
  6204 | D:8      | Reached skill level 10 in Conjurations
  6698 | D:9      | Learned a level 4 spell: Fulminant Prism
  6703 | D:9      | Learned a level 4 spell: Iskenderun's Mystic Blast
  6705 | D:9      | Noticed Pikel
  6715 | D:9      | Killed Pikel
  6727 | D:9      | Noticed a queen bee
  6756 | D:9      | Gained mutation: Your magical capacity is low. (-10% MP)
                  | [potion of mutation]
  6756 | D:9      | Gained mutation: You are robust. (+10% HP) [potion of
                  | mutation]
  6756 | D:9      | Gained mutation: Your spells are a little harder to cast,
                  | but a little more powerful. [potion of mutation]
  6765 | D:9      | HP: 5/111 [killer bee (3)]
  6766 | D:9      | Upgraded the game from 0.25-a0-665-ga69d64035b to
                  | 0.25-a0-690-g234afa57d4
  6766 | D:9      | Slain by an orc warrior

Levels and vault maps discovered:
D:1:      mrwooster_arrival_arrow, layout_rooms, st_stairs_12, bh_walls_and_bars
D:2:      layout_loops_ring
D:3:      layout_basic
D:4:      layout_rooms, minmay_temple_entry_waves
D:5:      layout_rooms, first_ration
D:6:      layout_loops_ring, nicolae_gozag_cash_rules_everything_around_me,
          uniq_sigmund
D:7:      layout_loops_ring, minmay_microvault
D:8:      kennysheep_blocky_hall, layout_basic
D:9:      layout_long_grid, yredelemnul_altar_generic, zombieorc1_lemuel,
          david_nohive_1, uniq_pikel
Temple:   regret_index_temple_sigil_plot

Skill      XL: |  1  2  3  4  5  6  7  8  9 |
---------------+----------------------------+-----
Conjurations   | 5 6 7 9 10 | 10.6
Spellcasting   | 3 4 5 7 9 |  9.1
Fighting       | 1 2 |  2.9
Dodging        | |  1.7
Stealth        | |  1.7
Hexes          | |  0.2

Action                   |  1- 3 |  4- 6 |  7- 9 || total
-------------------------+-------+-------+-------++-------
Melee: Unarmed           |     7 |       |       ||     7
       Dagger            |    15 |    31 |     9 ||    55
       Tailslap          |       |     3 |     2 ||     5
       Staff             |       |       |     5 ||     5
 Cast: Magic Dart        |    68 |    77 |    94 ||   239
       Searing Ray       |       |    11 |    42 ||    53
       Fulminant Prism   |       |       |     3 ||     3
 Abil: Breathe Frost     |       |       |     4 ||     4
  Use: Scroll            |       |       |     6 ||     6
       Potion            |       |       |     4 ||     4
  Eat: Chunk             |     3 |     7 |     9 ||    19
Armor: Skin              |    37 |    16 |    45 ||    98
Dodge: Dodged            |    47 |    23 |    75 ||   145

Table legend:
 A = Non-vault XP
 B = Vault XP
 C = Vault XP percentage of total XP
 D = Non-vault monster count
 E = Vault monster count
 F = Vault count percentage of total count
                 A         B        C        D         E       F
            +---------+---------+-------+---------+---------+-------
      Total |    3617 |    1396 |  27.8 |     121 |       9 |   6.9
            +---------+---------+-------+---------+---------+-------
        D:1 |      19 |       2 |   9.5 |      12 |       1 |   7.7
        D:2 |      78 |       0 |   0.0 |      20 |       0 |   0.0
        D:3 |     330 |       0 |   0.0 |      20 |       0 |   0.0
        D:4 |     156 |       0 |   0.0 |       9 |       0 |   0.0
        D:5 |     277 |       0 |   0.0 |      13 |       0 |   0.0
        D:6 |     616 |     220 |  26.3 |      14 |       1 |   6.7
        D:7 |     323 |     224 |  41.0 |       8 |       1 |  11.1
        D:8 |    1708 |     224 |  11.6 |      24 |       4 |  14.3
        D:9 |     110 |     726 |  86.8 |       1 |       2 |  66.7
            +---------+---------+-------+---------+---------+-------
